 Dungeon Crawl Stone Soup version 0.18-a0-821-gde5c8d4 (webtiles) character file.

11406 Sixotanaka the Devastator (level 11, -21/61 HPs)
             Began as an Octopode Conjurer on Dec 12, 2015.
             Was a High Priest of Vehumet.
             Demolished by a spiny frog (26 damage)
             ... on level 2 of the Lair of Beasts on Dec 16, 2015.
             The game lasted 00:35:21 (14876 turns).

Sixotanaka the Devastator (Octopode Conjurer)      Turns: 14876, Time: 00:35:21

Health: -21/61     AC:  6    Str:  9    XL:     11   Next: 77%
Magic:  10/21      EV: 15    Int: 22    God:    Vehumet [*****.]
Gold:   608        SH:  0    Dex: 12    Spells: 7 memorised, 0 levels left

rFire  . . .     SeeInvis +     y - +2 flail (protect)
rCold  . . .     Gourm    +     (no shield)
rNeg   . . .     Faith    .     (helmet restricted)
rPois  .         Spirit   .     B - amulet of the gourmand
rElec  .         Dismiss  .     e - +2 ring of strength
rCorr  .         Reflect  .     x - ring of see invisible
SustAt .         Harm     .     (no ring)
MR     .....                    (no ring)
Stlth  +++.......               (no ring)
                                (no ring)
                                (no ring)
                                (no ring)

@: very slightly contaminated, not resistant to hostile enchantments, fairly
stealthy
A: almost no armour, amphibious, 8 rings, constrict 8, camouflage 1, gelatinous
body 1
a: Renounce Religion


You were on level 2 of the Lair of Beasts.
You worshipped Vehumet.
Vehumet was extremely pleased with you.
You were full.

You visited 2 branches of the dungeon, and saw 11 of its levels.

You collected 608 gold pieces.


Innate Abilities, Weirdness & Mutations

You cannot wear most types of armour.
You are amphibious.
You can wear up to eight rings at the same time.
You can use your tentacles to constrict eight enemies at once.
Your skin changes colour to match your surroundings (Stealth).
Your rubbery body absorbs attacks (AC +1).


   Skills:
 - Level 7.0 Dodging
 - Level 2.6 Stealth
 - Level 7.1 Spellcasting
 * Level 15.0 Conjurations
 + Level 1.1 Air Magic


You couldn't memorise any spells.
You knew the following spells:

 Your Spells              Type           Power        Failure   Level  Hunger
c - Dazzling Spray        Conj/Hex       #####...     1%          3    None
v - Stone Arrow           Conj/Erth      #####.       1%          3    None
x - Searing Ray           Conj           ######       1%          2    None
z - Magic Dart            Conj           ####         1%          1    None
C - Poisonous Cloud       Conj/Pois/Air  ####......   58%         6    ######.
X - Fulminant Prism       Conj/Hex       #####.....   1%          4    ###....
Z - Iskenderun's Battles  Conj/Chrm      #####...     3%          5    #####..


Dungeon Overview and Level Annotations

Branches:
Dungeon (8/15)             Temple (0/1) D:5            Lair (3/8) D:8
 Spider (0/4) Lair:3
  Swamp: Lair:3-6    Shoals: Lair:3-6

Altars:
Cheibriados
Elyvilon
Okawaru
Sif Muna
Vehumet
Yredelemnul

Shops:
D:6 [

Annotations:
D:2 1 runed door
D:4 Duvessa
Lair:1 exclusion: oklob plant

Inventory:

Hand Weapons
 a - a +2 spear of venom
   (You found it on level 2 of the Dungeon)
 y - a +2 flail of protection (weapon)
   (You took it off an orc on level 4 of the Dungeon)
Missiles
 j - 58 poisoned needles
Magical Staves
 b - an uncursed staff of wizardry {!a}
Jewellery
 e - a +2 ring of strength (left tentacle)
 x - a ring of see invisible (right tentacle)
 B - an amulet of the gourmand (around mantle)
Wands
 f - a wand of enslavement (11)
 J - a wand of disintegration (3)
Scrolls
 d - 3 scrolls of enchant weapon {unknown}
 i - 4 scrolls of fog
 k - 2 scrolls of immolation {unknown}
 n - 5 scrolls of remove curse {@r2}
 q - a scroll of blinking
 s - 4 scrolls of teleportation {unknown}
 t - 3 scrolls of enchant armour {unknown}
 D - 3 scrolls of fear {unknown}
 F - a scroll of amnesia {unknown}
 G - 2 scrolls of vulnerability {unknown}
 I - a scroll of random uselessness {unknown}
Potions
 c - 3 potions of magic
 g - 2 potions of agility {unknown}
 h - 3 potions of flight
 l - 5 potions of heal wounds {unknown}
 m - 5 potions of curing {@q1}
 p - 2 potions of lignification {unknown}
 u - a potion of ambrosia {unknown}
 v - a potion of mutation {unknown}
 z - a potion of invisibility {unknown}
 A - 2 potions of berserk rage {unknown}
 C - a potion of resistance {unknown}
 E - a potion of haste {unknown}
Books
 r - a book of Conjurations
Comestibles
 o - 37 fruits
 w - 6 bread rations
 H - a beef jerky

.................................
.............#...................
.............#...................
..........................[...##.
.................................
.................*...............
......##...............<.<.......
................}................
.........>......@F.....<.........
.........P...>...................
........................P........
.............................P...
..#####.....#...[............##..
.## ##..#.###P..............#.#.
## #.##### #..........#.#.....#
### ##..........#.....##
##...............#


You could see a spiny frog and a friendly battlesphere.


Message History

Casting: Stone Arrow
Aiming: Stone Arrow
Aim: a demonic crawler (lightly wounded)
The stone arrow hits the demonic crawler.
The demonic crawler hits you. x2
The demonic crawler closely misses you.
Casting: Stone Arrow
Aiming: Stone Arrow
Aim: a demonic crawler (moderately wounded)
The stone arrow hits the demonic crawler.
The demonic crawler closely misses you. x2
The demonic crawler hits you but does no damage.
Casting: Stone Arrow
Aiming: Stone Arrow
Aim: a demonic crawler (severely wounded)
The stone arrow hits the demonic crawler.
The demonic crawler hits you.
The demonic crawler hits you but does no damage.
The demonic crawler misses you. The demonic crawler barely misses you.
The demonic crawler completely misses you.
The demonic crawler hits you!
* * * LOW HITPOINT WARNING * * *
Zapping:
J - a wand of disintegration (will waste charges)
Aim: a demonic crawler (almost dead, chance to defeat MR: 7%)
The demonic crawler resists with almost no effort.
Evoking this partially-identified wand wasted a few charges.
The demonic crawler hits you!
* * * LOW HITPOINT WARNING * * *
The demonic crawler hits you!
* * * LOW HITPOINT WARNING * * *
The demonic crawler hits you but does no damage.
Unknown command.
Read which item? (? for menu, Esc to quit)
Blink to where?
You are very lightly contaminated with residual magic.
As you read the scroll of blinking, it crumbles to dust.
A spiny frog comes into view.
Drink which item? (? for menu, Esc to quit)
Magic courses through your body.
Casting: Stone Arrow You conjure a globe of magical energy.
Casting: Iskenderun's Battlesphere
Aiming: Magic Dart
Aim: a demonic crawler (severely wounded)
The magic dart hits the demonic crawler.
Your battlesphere fires!
The barrage of energy hits the demonic crawler.
Casting: Magic Dart
Aiming: Stone Arrow
Aim: a demonic crawler (almost dead)
The stone arrow hits the demonic crawler.
You kill the demonic crawler!
Vehumet accepts your kill.
You feel your power returning.
Your Air Magic skill increases to level 1!
Your battlesphere fires!
Casting: Stone Arrow
Aiming: Stone Arrow
Aim: a spiny frog The stone arrow misses the spiny frog.
Your battlesphere fires!
The barrage of energy hits the spiny frog.
Casting: Stone Arrow
Aiming: Stone Arrow
Aim: a spiny frog (lightly wounded)
The stone arrow hits the spiny frog.
Your battlesphere fires!
The barrage of energy hits the spiny frog.
The spiny frog stings you!!
You die...

Action                   |  1- 3 |  4- 6 |  7- 9 | 10-12 || total
-------------------------+-------+-------+-------+-------++-------
Melee: Unarmed           |    10 |     1 |       |       ||    11
       Spear             |    10 |    27 |    33 |       ||    70
       Flail             |       |       |    14 |    18 ||    32
 Cast: Magic Dart        |    74 |   125 |   129 |   176 ||   504
       Searing Ray       |       |     6 |     7 |     3 ||    16
       Dazzling Spray    |       |     2 |    39 |    33 ||    74
       Fulminant Prism   |       |       |    12 |     4 ||    16
       Iskenderun's Batt |       |       |    17 |    37 ||    54
       Stone Arrow       |       |       |       |    18 ||    18
Evoke: Wand              |       |       |       |     1 ||     1
  Use: Scroll            |       |     5 |     4 |     3 ||    12
       Potion            |       |       |       |     1 ||     1
 Stab: Sleeping          |     1 |     1 |     2 |     1 ||     5
       Invisible         |       |     1 |     8 |       ||     9
  Eat: Chunk             |     3 |    10 |     8 |    16 ||    37
       Beef jerky        |       |     1 |     1 |     2 ||     4
       Royal jelly       |       |       |     1 |       ||     1
       Meat ration       |       |       |     2 |       ||     2
       Pizza             |       |       |     3 |       ||     3
       Bread ration      |       |       |       |     2 ||     2
       Fruit             |       |       |       |     1 ||     1

Vault maps used:
D:1:      onia_arrival_pentagram
D:2:      grunt_temple_overflow_open, first_bread, dk_yredelemnul_ordeal
D:3:      lemuel_upstairs_altar, uniq_robin, uniq_iyjb
D:4:      minmay_misc_feat_diagonals, roderic_serpentine_path,
          cheibriados_altar_1, uniq_duvessa
D:5:      minmay_temple_entry_glassed_door, minivault_27, minmay_joined_circles
D:6:      nicolae_overflow_hidden_temple, serial_shops, shop, basic_altar,
          nicolae_benzene_ring, minivault_22, dk_vineyard_2,
          kennysheep_minor_cross
D:7:      uniq_menkaure
D:8:      erik_lair_orcish_takeover
Lair:1:   minivault_26, minmay_lair_oklob_bushes
Lair:3:   nicolae_spider_entry_non_spiders, grunt_forest_large_clearings,
          lemuel_fruit_tree

Notes
Turn   | Place    | Note
--------------------------------------------------------------
     0 | D:1      | Sixotanaka the Octopode Conjurer began the quest for the Orb.
     0 | D:1      | Reached XP level 1. HP: 11/11 MP: 3/3
   226 | D:1      | Reached XP level 2. HP: 13/17 MP: 0/5
   632 | D:1      | Reached XP level 3. HP: 21/21 MP: 2/6
   714 | D:1      | Reached skill level 5 in Conjurations
  1035 | D:1      | Learned a level 2 spell: Searing Ray
  1039 | D:1      | Learned a level 3 spell: Dazzling Spray
  1499 | D:2      | Found a deep blue altar of Sif Muna.
  1500 | D:2      | Found an iron altar of Okawaru.
  1504 | D:2      | Found a white marble altar of Elyvilon.
  1527 | D:2      | Found a radiant altar of Vehumet.
  1536 | D:2      | Became a worshipper of Vehumet
  1694 | D:2      | Reached XP level 4. HP: 27/27 MP: 3/7
  1832 | D:2      | Found a runed door.
  1832 | D:2      | Noticed a human
  1835 | D:2      | Found a basalt altar of Yredelemnul.
  2241 | D:3      | Noticed Ijyb
  2273 | D:3      | Killed Ijyb
  2273 | D:3      | Reached skill level 6 in Conjurations
  2355 | D:3      | Reached * piety under Vehumet
  2355 | D:3      | Offered knowledge of Shock by Vehumet.
  2568 | D:3      | Reached XP level 5. HP: 31/31 MP: 4/8
  2662 | D:3      | Noticed Robin
  2786 | D:3      | Killed Robin
  3337 | D:3      | HP: 6/31 [hound (3)]
  3765 | D:4      | Found a snail-covered altar of Cheibriados.
  3791 | D:4      | Reached XP level 6. HP: 36/36 MP: 4/9
  3885 | D:4      | Reached ** piety under Vehumet
  3958 | D:4      | Offered knowledge of Freeze by Vehumet.
  4090 | D:4      | Reached skill level 7 in Conjurations
  4350 | D:4      | Noticed Duvessa
  4455 | D:4      | Reached skill level 3 in Spellcasting
  4491 | D:4      | Learned a level 4 spell: Fulminant Prism
  4589 | D:5      | Entered Level 5 of the Dungeon
  4684 | D:5      | HP: 9/36 [poisoned by a worker ant]
  4689 | D:5      | HP: 6/36 [poisoned by a worker ant]
  4694 | D:5      | HP: 5/36 [poisoned by a worker ant]
  4701 | D:5      | HP: 4/36 [poisoned by a worker ant]
  4709 | D:5      | HP: 3/36 [poisoned by a worker ant]
  5031 | D:5      | Reached XP level 7. HP: 23/41 MP: 6/12
  5276 | D:5      | Found a staircase to the Ecumenical Temple.
  5515 | D:5      | Reached skill level 8 in Conjurations
  5905 | D:5      | Reached skill level 4 in Spellcasting
  6615 | D:5      | Reached XP level 8. HP: 21/46 MP: 9/14
  6657 | D:5      | Reached skill level 9 in Conjurations
  7067 | D:6      | Found Patoubre's Armour Boutique.
  7088 | D:6      | Offered knowledge of Throw Frost by Vehumet.
  7131 | D:6      | HP: 6/46 [fulminant prism[the player character] (16)]
  7456 | D:6      | Reached skill level 5 in Spellcasting
  7803 | D:5      | Learned a level 5 spell: Iskenderun's Battlesphere
  7803 | D:5      | Upgraded the game from 0.18-a0-750-g37044d6 to 0.18-a0-766-g8d3d474
  7808 | D:6      | Reached *** piety under Vehumet
  7975 | D:6      | Reached skill level 10 in Conjurations
  8117 | D:6      | Found a white marble altar of Elyvilon.
  8291 | D:7      | Reached XP level 9. HP: 51/51 MP: 7/17
  8420 | D:7      | Noticed Menkaure
  8429 | D:7      | Killed Menkaure
  8546 | D:7      | Upgraded the game from 0.18-a0-766-g8d3d474 to 0.18-a0-775-g4d9e04e
  8667 | D:7      | Reached skill level 6 in Spellcasting
  8997 | D:7      | Reached skill level 11 in Conjurations
  9580 | D:8      | Offered knowledge of Static Discharge by Vehumet.
  9759 | D:8      | Found a staircase to the Lair.
 10199 | D:8      | Reached skill level 7 in Spellcasting
 10199 | D:8      | Reached skill level 12 in Conjurations
 10303 | D:8      | Reached XP level 10. HP: 39/56 MP: 14/20
 10758 | Lair:1   | Entered Level 1 of the Lair of Beasts
 10823 | Lair:1   | Reached **** piety under Vehumet
 10848 | D:8      | HP: 13/56 [river rat (9)]
 11091 | Lair:1   | Offered knowledge of Stone Arrow by Vehumet.
 11097 | Lair:1   | Learned a level 3 spell: Stone Arrow
 11320 | Lair:1   | Noticed an oklob plant
 11623 | Lair:1   | Reached skill level 3 in Dodging
 11887 | Lair:1   | Reached skill level 13 in Conjurations
 12278 | Lair:1   | Noticed a black mamba
 12284 | Lair:1   | Killed a black mamba
 12284 | Lair:1   | Reached skill level 4 in Dodging
 12296 | Lair:1   | HP: 14/56 [poisoned by a black mamba]
 12301 | Lair:1   | HP: 10/56 [poisoned by a black mamba]
 12307 | Lair:1   | HP: 7/56 [poisoned by a black mamba]
 12314 | Lair:1   | HP: 5/56 [poisoned by a black mamba]
 12321 | Lair:1   | HP: 4/56 [poisoned by a black mamba]
 12329 | Lair:1   | HP: 4/56 [poisoned by a black mamba]
 12921 | Lair:2   | Upgraded the game from 0.18-a0-775-g4d9e04e to 0.18-a0-805-gcd5a7e3
 13036 | Lair:2   | Noticed a griffon
 13051 | Lair:2   | Killed a griffon
 13132 | Lair:2   | Reached skill level 5 in Dodging
 13138 | Lair:2   | Reached XP level 11. HP: 61/61 MP: 3/21
 13530 | Lair:2   | Reached skill level 14 in Conjurations
 13691 | Lair:2   | Reached skill level 6 in Dodging
 14195 | Lair:3   | HP: 11/61 [demonic crawler (8)]
 14461 | Lair:3   | Found a hole to the Spider Nest.
 14637 | Lair:3   | Reached ***** piety under Vehumet
 14637 | Lair:3   | Offered knowledge of Poisonous Cloud by Vehumet.
 14692 | Lair:3   | Reached skill level 7 in Dodging
 14748 | Lair:3   | Learned a level 6 spell: Poisonous Cloud
 14748 | Lair:3   | Upgraded the game from 0.18-a0-805-gcd5a7e3 to 0.18-a0-821-gde5c8d4
 14780 | Lair:3   | Reached skill level 15 in Conjurations
 14834 | Lair:3   | Noticed a seven-headed hydra
 14869 | Lair:2   | HP: 15/61 [demonic crawler (9)]
 14869 | Lair:2   | HP: 4/61 [demonic crawler (11)]
 14874 | Lair:2   | Reached skill level 1 in Air Magic
 14876 | Lair:2   | Demolished by a spiny frog

Vanquished Creatures
  A griffon (Lair:2)
  2 black mambas
  A fire drake (Lair:3)
  3 spiny frogs
  A demonic crawler (Lair:2)
  A polar bear (Lair:2)
  18 blink frogs
  A wyvern (D:8)
  3 hippogriffs
  3 wargs (D:8)
  Menkaure (D:7)
  2 porcupines
  An ice beast (D:8)
  An orc warrior (D:6)
  3 water moccasins
  A sky beast (D:7)
  3 phantoms
  7 centaurs
  4 ogres
  6 giant frogs
  4 crocodiles
  2 big kobolds (D:8)
  A wyvern zombie (D:7)
  2 electric eels (D:6)
  A scorpion (D:7)
  A centaur zombie (D:8)
  A giant frog zombie (D:6)
  2 hounds
  2 crimson imps
  A centaur skeleton (D:7)
  An orc priest (D:8)
  8 iguanas
  4 orc wizards
  A giant frog skeleton (D:5)
  Ijyb (D:3)
  12 worker ants
  14 sheep (Lair:2)
  A hound zombie (D:7)
  A hound skeleton (D:4)
  Robin (D:3)
  8 adders
  A gnoll (D:1)
  A worker ant zombie (D:8)
  12 river rats
  2 shadow imps
  2 worms
  2 adder skeletons
  An adder zombie (D:8)
  7 giant geckos
  19 orcs
  A ball python (D:1)
  9 bats
  12 giant cockroaches
  17 goblins
  11 hobgoblins
  2 jackals (D:6)
  3 quokkas (D:3)
  A ball python skeleton (D:4)
  2 giant gecko skeletons (D:4)
  6 giant newts
  A jackal skeleton (D:4)
  15 kobolds
  11 rats
  A fulminant prism (Lair:3)
271 creatures vanquished.

Vanquished Creatures (others)
  15 fulminant prisms
15 creatures vanquished.

Grand Total: 286 creatures vanquished
